Map: 궤도 조선소

Players

Apocalypse - Winner!

  • Race: Terran Terran

NYK

  • Race: Zerg Zerg
  • League: Master

Event: Gauntlet LotV Series 1 Qualifier 1

VOD

Have the link to the VOD?

Description

Time

  • Played on: Nov. 22, 2015, 4:17 p.m.
  • Length: 8:13

All games in this series

Show
View Real Time Build Order
Export as new Build Order

Apocalypse Terran - Winner!

Build Orders: MMM Bio 

Get SALT Encoding   

  12  0:01  SCV  
  13  0:13  SCV  
  14  0:17  Supply Depot  
  14  0:25  SCV  
  15  0:39  SCV  
  15  0:40  Barracks  
  16  0:43  Refinery  
  16  0:54  Barracks  
  16  0:59  SCV  
  17  1:11  SCV  
  19  1:27  Orbital Command  
  19  1:28  Reaper  
  19  1:30  Supply Depot  
  19  1:46  Reaper  
  20  1:53  SCV  
  21  2:05  SCV  
  21  2:06  Reaper  
  23  2:10  Command Center  
  23  2:16  Refinery  
  23  2:18  SCV  
  24  2:26  Reaper  
  25  2:31  SCV  
  26  2:43  SCV  
  27  2:46  Reaper  
  28  2:58  SCV  
  29  3:03  Barracks  
  29  3:04  Barracks Reactor  
  29  3:16  SCV  
  30  3:22  Barracks Tech Lab  
  30  3:23  Orbital Command  
  29  3:30  SCV  
  30  3:34  Command Center  
  30  3:41  Marine x2  
  30  3:42  Marine  
  30  3:44  Stimpack  
  30  3:45  SCV  
  34  3:49  Bunker  
  34  3:50  SCV  
  35  3:59  Marine  
  35  4:00  Factory  
  36  4:04  Marine x3  
  36  4:07  SCV x2  
  41  4:17  Marine  
  41  4:19  SCV  
  41  4:20  Supply Depot  
  41  4:22  Marine  
  44  4:25  Marine x2  
  46  4:41  SCV x2, Marine  
  49  4:48  Starport, Orbital Command  
  49  4:49  Factory Reactor, Marine  
  50  4:53  Marine  
  50  4:59  Marauder, Marine  
  54  5:01  Supply Depot, SCV  
  54  5:02  SCV  
  54  5:03  Supply Depot  
  56  5:07  Refinery, Marine  
  57  5:18  SCV x2  
  59  5:23  SCV, Engineering Bay x2  
  60  5:30  SCV x2  
  60  5:31  Barracks Reactor  
  60  5:33  Marine  
  60  5:34  Marauder, Marine  
  66  5:36  Factory Reactor, Medivac  
  66  5:39  SCV  
  49  5:42  Orbital Command  
  69  5:48  Combat Shields  
  69  5:51  Marine  
  69  5:52  Marine  
  69  5:53  Supply Depot x2  
  69  5:54  SCV x2  
  69  5:56  Marauder  
  75  6:00  Refinery  
  75  6:10  SCV x2  
  77  6:14  Marine x2  
  77  6:17  Marauder, Widow Mine x2  
  85  6:20  SCV  
  86  6:26  SCV, Barracks  
  86  6:27  Supply Depot, Barracks  
  86  6:30  Medivac x2  
  91  6:34  SCV x2  
  91  6:38  SCV  
  91  6:55  SCV x3  
  91  6:56  Widow Mine x2, Marine x3  
  91  6:57  Marauder  
  102  7:04  Supply Depot  
  102  7:06  Supply Depot  
  102  7:07  SCV x3  
  105  7:12  Medivac  
  105  7:13  Medivac  
  109  7:18  Barracks Reactor  
  109  7:21  Marine  
  109  7:23  Marine  
  109  7:24  Barracks Reactor  
  109  7:26  SCV x3, Marauder  
  114  7:32  Armory, Supply Depot  
  114  7:33  Supply Depot  
  114  7:38  SCV x3  
  114  7:40  Marine x3  
  114  7:42  Medivac  
  114  7:43  Medivac  
  124  7:50  SCV  
  125  7:54  SCV x2  
  125  7:55  Refinery  
  125  7:57  Refinery  
Show
View Real Time Build Order
Export as new Build Order

NYK Zerg 

Build Orders: Hatch First, Zergling Baneling 

Get SALT Encoding   

  12  0:01  Drone  
  13  0:13  Drone  
  14  0:18  Extractor  
  14  0:19  Drone  
  14  0:22  Extractor  
  14  0:26  Drone  
  16  0:32  Overlord  
  16  0:50  Drone x2  
  18  0:59  Drone  
  19  1:06  Hatchery, Extractor  
  17  1:16  Spawning Pool  
  16  1:19  Drone  
  16  1:22  Drone  
  18  1:33  Overlord  
  18  1:41  Drone  
  19  2:03  Zergling x2  
  19  2:04  Queen, Zergling x2  
  23  2:11  Metabolic Boost  
  23  2:15  Drone  
  24  2:18  Queen  
  24  2:20  Drone  
  26  2:32  Drone x2  
  26  2:35  Zergling x2  
  27  2:47  Zergling x2  
  27  2:48  Zergling x2  
  29  2:51  Zergling x2  
  28  2:59  Zergling x2  
  28  3:02  Zergling x2  
  30  3:06  Zergling x2  
  30  3:15  Zergling x2  
  30  3:19  Zergling x2  
  30  3:20  Zergling x6  
  32  3:27  Zergling x2  
  32  3:32  Baneling Nest  
  32  3:33  Zergling x2  
  32  3:34  Zergling x6  
  34  3:43  Zergling x4  
  36  3:50  Extractor  
  36  3:53  Overlord x2  
  36  3:54  Extractor, Queen  
  33  4:04  Zergling x4  
  35  4:18  Zergling x2  
  35  4:19  Zergling x6  
  37  4:26  Zergling x2  
  37  4:29  Baneling  
  37  4:30  Baneling x9  
  38  4:36  Zergling x4  
  38  4:48  Zergling x2  
  38  4:49  Zergling x2  
  39  4:54  Zergling x2  
  40  5:01  Zergling x2  
  40  5:05  Zergling x6  
  44  5:07  Zergling x2  
  44  5:08  Zergling x6  
  41  5:21  Drone x3  
  41  5:27  Drone  
  45  5:34  Drone x2  
  45  5:35  Drone x2  
  49  5:39  Overlord  
  49  5:47  Drone  
  50  5:51  Overlord x2  
  50  5:55  Overlord  
  50  6:00  Zergling x4  
  52  6:04  Zergling x2  
  52  6:05  Zergling x4  
  55  6:13  Zergling x4  
  55  6:18  Zergling x2  
  58  6:19  Zergling x6  
  62  6:25  Zergling x2  
  62  6:32  Zergling x2  
  63  6:36  Zergling x2  
  63  6:37  Zergling x6  
  65  6:49  Baneling x7  
  65  6:50  Baneling x8  
  61  6:59  Zergling x2  
  61  7:00  Zergling x8  
  67  7:08  Zergling x2  
  67  7:09  Zergling x6  
  43  7:27  Zergling x2  
  43  7:28  Zergling x12  
  44  7:34  Zergling x2, Extractor  
  44  7:39  Baneling  
  44  7:40  Baneling x4  
  44  7:42  Drone  
  44  7:43  Drone  
  46  7:50  Zergling x2  
Tags
 
Add a new tag
Caveats
  • Supply blocks, unpowered buildings, or Contaminate may cause inaccurate times.
  • Supply counts are checked every 10 seconds.